 Dungeon Crawl Stone Soup version 0.32-a0-411-g744942f433 (webtiles) character file.

Game seed: 8422140551922098061

176 shadowstone the Trooper (level 5, -1/42 HPs)
             Began as a Coglin Fighter on Feb 20, 2024.
             Slain by Menkaure (15 damage)
             ... on level 4 of the Dungeon.
             The game lasted 00:14:36 (3712 turns).

shadowstone the Trooper (Coglin Fighter)            Turns: 3712, Time: 00:14:37

Health: -1/42      AC:  9    Str: 19    XL:     5   Next: 56%
Magic:  14/14      EV:  8    Int:  7    God:
Gold:   165        SH:  0    Dex: 13    Spells: 4/4 levels left

rFire   . . .        p - +3 dagger (chaos) {Io}
rCold   . . .        g - +1 dagger (venom) {Kamaljyot}
rNeg    . . .        j - +0 chain mail {rPois}
rPois   +            (no helmet)
rElec   .            (no cloak)
rCorr   .            (no gloves)
SInv    .            (no boots)
Will    .....        q - amulet of regeneration Stlth
                     i - ring of magical power
HPRegen 1.07/turn    (no ring)
MPRegen 0.14/turn

%: no passive effects
@: immotile, revved
A: off-hand wielding, slow wielding, warmup strikes, legs shutdown
a: no special abilities


You were on level 4 of the Dungeon.
You visited 2 branches of the dungeon, and saw 5 of its levels.

You collected 165 gold pieces.

Inventory:

Hand Weapons
 g - a +1 dagger of venom (offhand) {Kamaljyot}
 n - a +0 morningstar
 p - a +3 dagger of chaos (weapon) {Io}
 u - a +0 shortbow
Missiles
 l - a boomerang (quivered)
Armour
 b - a +0 scale mail
 c - a +0 buckler
 j - a +0 chain mail of poison resistance (worn)
Jewellery
 i - a ring of magical power (left grasper)
 q - an amulet of regeneration (around neck)
Scrolls
 e - a scroll of noise
 f - a scroll of amnesia
 k - a scroll of teleportation
 r - a scroll of identify
Potions
 a - a potion of enlightenment {unknown}
 d - 2 potions of might
 h - a potion of berserk rage {unknown}
 m - 3 potions of attraction {unknown}
 o - a potion of lignification {unknown}
 s - a potion of degeneration {unknown}


   Skills:
 + Level 3.9 Fighting
 + Level 1.6 Short Blades
 + Level 2.6 Axes
 + Level 3.6 Armour
 + Level 0.1 Dodging
 + Level 0.1 Stealth
 + Level 2.8 Shields


You had 4 spell levels left.
You didn't know any spells.
Your spell library contained the following spells:

 Spells                   Type           Power      Damage    Failure   Level
 Foxfire                  Conj/Fire      0%         2x1d4     98%         1
 Blink                    Tloc           0%         N/A       99%         2
 Cigotuvi's Dreadful Rot  Necr/Alch/Air  0%         N/A       99%         2
 Lesser Beckoning         Tloc           0%         N/A       99%         2
 Momentum Strike          Conj/Tloc      0%         3d8       99%         2
 Summon Ice Beast         Ice/Summ       0%         N/A       100%        3
 Dispel Undead            Necr           0%         3d6       100%        4
 Martyr's Knell           Necr/Summ      0%         N/A       100%        4
 Summon Mana Viper        Hex/Summ       0%         N/A       100%        5
 Death Channel            Necr           0%         N/A       100%        6
 Plasma Beam              Fire/Air       0%         2x1d10    100%        6
 Starburst                Conj/Fire      0%         6d3       100%        6
 Monstrous Menagerie      Summ           0%         N/A       100%        7


Dungeon Overview and Level Annotations

Branches:
Dungeon (4/15)             Temple (1/1) D:4

Altars:
Ashenzari
Dithmenos
Elyvilon
Fedhas
Kikubaaqudgha
Makhleb
Nemelex Xobeh
Okawaru
Ru
Sif Muna
Trog
Xom
Zin

Annotations:
D:3 2 transporters, zenocrate's ghost, amateur DsDe
D:4 Menkaure; Pikel


Innate Abilities, Weirdness & Mutations

You can wield a second weapon in your off-hand.
It takes a long time for you to wield or remove held weapons.
Your first few attacks do less damage.
Attacking and casting redirects power from your legs.


Message History

The lemure looks as sick as possible!
A lemure comes into view.
Pikel hits you but does no damage. The lemure hits you but does no damage.
The lemure shouts!
You hit the lemure but do no damage.
The lemure looks as sick as possible!
The lemure is lightly wounded.
You closely miss the lemure with your +3 dagger of chaos.
The lemure closely misses you. x2; Pikel hits you but does no damage.
You hit the lemure but do no damage.
The lemure is lightly wounded.
You closely miss the lemure with your +1 dagger of venom.
You hit the lemure with your +1 dagger of venom.
The lemure is moderately wounded.
You barely miss the lemure with your +3 dagger of chaos.
Pikel hits you with a +1 whip of electrocution!
The lemure hits you but does no damage. x2
Menkaure casts a spell.
Menkaure seems to speed up.
The lemure hits you but does no damage.
You hit the lemure but do no damage.
The lemure is heavily wounded.
You barely miss the lemure with your +3 dagger of chaos.
Pikel hits you with a +1 whip of electrocution.
The lemure hits you. x2; The lemure barely misses you.
You hit the lemure with your +3 dagger of chaos.
You burn the lemure.
The lemure is severely wounded.
You hit the lemure but do no damage.
The lemure looks as sick as possible!
Menkaure hits you. Pikel hits you but does no damage. The lemure hits you.
The lemure hits you!
You hit the lemure with your +3 dagger of chaos.
You kill the lemure!
That felt strangely unrewarding.
Menkaure closely misses you.
Pikel hits you with a +1 whip of electrocution.
The lemure hits you but does no damage. x2
You hit the lemure with your +3 dagger of chaos.
The lemure convulses.
The lemure is heavily wounded.
You hit the lemure with your +1 dagger of venom.
The lemure is poisoned.
Menkaure hits you!
You die...

#..#..#.bb###.#
#.##.####bb.#.#........=
..#....b###...#.........
.##b##....##.##.........
.#..# .#..#..##.........
##.## . ##.###.........
....###..#..###..g......
###...####.##..M5K......
###...#..##...@.5.....
###...###....5......
###.###...........
#.##.....#######
#....##### ######


You could see Pikel, 3 lemures, Menkaure (fast) and a goblin.

Vanquished Creatures
  A lemure (D:4)
  Terence (D:3)
  2 adders
  2 dart slugs
  2 ribbon worms (D:2)
  5 orcs
  6 bats
  5 endoplasms
  3 giant cockroaches
  10 goblins
  5 hobgoblins
  3 jackals
  3 quokkas
  9 ball pythons
  3 frilled lizards
  3 kobolds
  6 rats
69 creatures vanquished.

Notes
Turn   | Place    | Note
-------+----------+-------------------------------------------
     0 | D:1      | shadowstone the Coglin Fighter began the quest for the Orb.
     0 | D:1      | Reached XP level 1. HP: 18/18 MP: 1/1
    68 | D:1      | You fall into a shaft and drop 1 floor!
   139 | D:2      | Reached XP level 2. HP: 15/24 MP: 2/2
   361 | D:2      | Reached XP level 3. HP: 29/29 MP: 3/3
   963 | D:1      | Reached XP level 4. HP: 35/35 MP: 4/4
  2449 | D:3      | Noticed Terence
  2461 | D:3      | Killed Terence
  2462 | D:3      | Reached skill level 1 in Short Blades
  2462 | D:3      | Reached XP level 5. HP: 35/41 MP: 5/5
  3027 | D:3      | Found a transporter.
  3032 | D:3      | Noticed zenocrate's ghost (amateur DsDe)
  3033 | D:3      | Found a transporter.
  3275 | D:4      | Found a staircase to the Ecumenical Temple.
  3298 | Temple   | Entered the Ecumenical Temple
  3700 | D:4      | Noticed a lemure
  3700 | D:4      | Noticed a lemure
  3700 | D:4      | Noticed Pikel
  3700 | D:4      | Noticed Menkaure
  3701 | D:4      | Noticed a lemure
  3705 | D:4      | Noticed a lemure
  3711 | D:4      | Killed a lemure
  3712 | D:4      | Slain by Menkaure

Illustrated notes

Levels and vault maps discovered:
D:1:      dpeg_arrival_snail, layout_basic, serial_bayou_lagoon_a, minivault_24,
          st_stairs_3, minmay_cupped
D:2:      cheibrodos_helix_gallery, layout_basic
D:3:      layout_basic, gammafunk_ghost_mausoleum, minmay_starry_boxes,
          uniq_terence
D:4:      minmay_skewed_foursquare, layout_basic,
          mainiacjoe_overflow_concentric_impassable, temple_fountains,
          nicolae_nh_oracle_at_delphi, uniq_pikel, uniq_menkaure, uniq_ijyb
Temple:   nicolae_temple_bog_church

Skill      XL: |  1  2  3  4 |
---------------+-------------+-----
Armour         | 3 |  3.6
Short Blades   | 1 |  1.6
Fighting       | |  3.9
Axes           | |  2.6
Dodging        | |  0.1
Stealth        | |  0.1
Shields        | |  2.8

Action                     |  1- 3 |  4- 6 || total
---------------------------+-------+-------++-------
  Melee: War axe           |    65 |    13 ||    78
         Dagger            |    31 |   159 ||   190
  Throw: Dart              |       |     2 ||     2
         Boomerang         |       |     3 ||     3
    Use: Scroll            |       |     9 ||     9
 Armour: Scale mail        |    43 |       ||    43
         Chain mail        |     4 |   109 ||   113
  Dodge: Dodged            |    37 |    56 ||    93
  Block: Buckler           |    17 |       ||    17

Table legend: (Time is in decaauts)
 A = Elapsed time spent in this place.
 B = Non-inter-level travel time spent in this place.
 C = Inter-level travel time spent in this place.
 D = Time resting spent in this place.
 E = Time spent auto-exploring this place.
 F = Levels seen in this place.
 G = Mean time per level.
                   A        B        C        D        E       F      G
               +--------+--------+--------+--------+--------+-----+--------+
         Total |   3748 |   3501 |    247 |    151 |   1824 |   5 |  749.6 |
       Dungeon |   3590 |   3343 |    247 |    151 |   1824 |   4 |  897.5 |
        Temple |    157 |    157 |      0 |      0 |      0 |   1 |  157.0 |
               +--------+--------+--------+--------+--------+-----+--------+

Top non-repeatable levels by time:
     D:2: 1518 daAuts
     D:1: 962 daAuts
     D:3: 815 daAuts
     D:4: 294 daAuts
  Temple: 157 daAuts
